 Dungeon Crawl Stone Soup version 0.28.0-45-g0d030f2227 (webtiles) character file.

Game seed: 15894503140022055486

749 issech the Cudgeller (level 7, -1/68 HPs)
             Began as a Troll Monk on Apr 2, 2022.
             Slain by an ufetubus (2 damage)
             ... on level 4 of the Dungeon.
             The game lasted 00:13:38 (3195 turns).

issech the Cudgeller (Troll Monk)                   Turns: 3195, Time: 00:13:39

Health: -1/68      AC:  7    Str: 20    XL:     7   Next: 48%
Magic:  6/6        EV:  9    Int:  6    God:
Gold:   119        SH:  7    Dex: 14    Spells: 6/6 levels left

rFire   . . .      SeeInvis .   i - +0 flail
rCold   . . .      Faith    .   u - +0 kite shield
rNeg    . . .      Spirit   .   b - +0 robe
rPois   .          Reflect  .   (helmet restricted)
rElec   .          Harm     .   r - +2 cloak {Will+}
rCorr   +          Rampage  .   (gloves unavailable)
Will    ++...                   (boots unavailable)
Stlth   ++........              d - amulet of regeneration
HPRegen 1.81/turn               g - ring of willpower
MPRegen 0.10/turn               h - ring of resist corrosion

@: lethally poisoned (-1 -> -2)
A: large, unfitting armour, claws 3, regeneration 1, shaggy fur 1, tough skin 1
a: no special abilities


You were on level 4 of the Dungeon.
You visited 1 branch of the dungeon, and saw 4 of its levels.

You collected 222 gold pieces.
You spent 103 gold pieces at shops.

Inventory:

Hand Weapons
 a - a +0 mace
 i - a +0 flail (weapon)
 p - a +3 quarterstaff of chaos
 t - a +2 dagger of protection
 v - a +0 giant spiked club
Missiles
 c - 82 stones
 f - 8 arrows
 m - 25 bolts
 s - 2 poisoned darts (quivered)
Armour
 b - a +0 robe (worn)
 r - a +2 cloak of willpower (worn)
 u - a +0 kite shield (worn)
Jewellery
 d - an amulet of regeneration (around neck)
 g - a ring of willpower (left claw)
 h - a ring of resist corrosion (right claw)
 j - a ring of positive energy
 l - a ring of ice
Scrolls
 e - 6 scrolls of identify
 k - a scroll of vulnerability
 o - a scroll of amnesia
 w - a scroll of magic mapping {unknown}
Potions
 n - a potion of heal wounds {unknown}
 q - a potion of berserk rage {unknown}


   Skills:
 + Level 3.8 Fighting
 + Level 5.6(5.7) Maces & Flails
 + Level 1.4(3.5) Staves
 + Level 1.4 Throwing
 + Level 3.7 Dodging
 + Level 1.6 Stealth
 + Level 0.3 Shields


You had 6 spell levels left.
You didn't know any spells.
Your spell library was empty.

Dungeon Overview and Level Annotations

Branches:
Dungeon (4/15)
 Temple: D:4-7

Altars:
Makhleb

Shops:
D:4 *


Innate Abilities, Weirdness & Mutations

You are too large for most types of armour.
You have claws for hands.
Your natural rate of healing is unusually fast.
You are covered in fur. (AC +1)
You have tough skin. (AC +1)


Message History

You hit the water moccasin.
The water moccasin is almost dead.
You feel very sick. The water moccasin bites you.
You hit the water moccasin but do no damage.
The water moccasin is almost dead.
You feel very sick. The water moccasin bites you.
You are more poisoned.
The water moccasin poisons you! The water moccasin barely misses you.
You miss the water moccasin.
The water moccasin is almost dead.
You feel extremely sick. The water moccasin bites you.
* * * LOW HITPOINT WARNING * * *
The water moccasin bites you.
* * * LOW HITPOINT WARNING * * *
You are lethally poisoned!
The water moccasin poisons you!
You closely miss the water moccasin.
The water moccasin is almost dead.
* * * LOW HITPOINT WARNING * * *
You feel extremely sick. The water moccasin closely misses you.
The water moccasin bites you but does no damage.
You sock the water moccasin!
You kill the water moccasin!
* * * LOW HITPOINT WARNING * * *
You feel very sick. You block the ufetubus's attack.
The ufetubus hits you but does no damage.
* * * LOW HITPOINT WARNING * * *
You feel very sick.
The ufetubus hits you but does no damage. x2
* * * LOW HITPOINT WARNING * * *
You feel very sick.
* * * LOW HITPOINT WARNING * * *
You feel very sick. The adder bites you but does no damage.
The ufetubus hits you.
You die...

......<..######## ...........# ..
...........# ....#......###.
....8......# ### ..####......#..
.÷.........###.###...............
...................# #...........
..............#...## #...........
..............##..# #...........
..............###.## #...≈.......
...............#@SS###.....≈.....
..........######5##†.).....≈≈....
..≈##.....#≈≈≈≈##..#.####........
≈≈≈≈####..###≈≈≈###### #.........
##≈≈≈≈#####≈≈≈≈≈≈≈≈≈###.#........
.###≈≈≈≈≈≈≈≈≈#####≈≈≈≈#..........
...#####≈≈≈### #≈≈###.........#
##..##.###########≈≈≈#.........##
###....# #≈≈≈≈≈######......##


You could see an adder, an ufetubus and a ball python.

Vanquished Creatures
  Sigmund (D:2)
  A water moccasin (D:4)
  An ogre (D:4)
  A phantom (D:2)
  A wyvern zombie (D:3)
  Crazy Yiuf (D:3)
  An iguana (D:4)
  2 orc wizards
  7 gnolls (D:2)
  5 adders
  A worm (D:3)
  A dart slug (D:3)
  4 orcs (D:3)
  3 ball pythons
  2 bats
  4 endoplasms
  6 giant cockroaches
  4 goblins
  4 hobgoblins
  4 kobolds
  A quokka (D:3)
  8 rats
63 creatures vanquished.

Notes
Turn   | Place    | Note
-------+----------+-------------------------------------------
     0 | D:1      | issech the Troll Monk began the quest for the Orb.
     0 | D:1      | Reached XP level 1. HP: 22/22 MP: 0/0
   311 | D:1      | Reached XP level 2. HP: 29/29 MP: 1/1
   495 | D:1      | Reached skill level 3 in Maces & Flails
   760 | D:2      | Reached XP level 3. HP: 24/36 MP: 2/2
   849 | D:2      | Noticed a phantom
   876 | D:2      | Killed a phantom
   877 | D:2      | Reached XP level 4. HP: 28/45 MP: 3/3
   877 | D:2      | Reached XP level 5. HP: 33/53 MP: 4/4
  1039 | D:2      | Reached skill level 4 in Maces & Flails
  1164 | D:2      | Noticed Sigmund
  1441 | D:2      | Found a faded altar of an unknown god.
  1884 | D:3      | Reached XP level 6. HP: 48/61 MP: 5/5
  1968 | D:3      | Found a burning altar of Makhleb.
  2527 | D:3      | Found a runed translucent door.
  2528 | D:3      | Noticed Crazy Yiuf
  2544 | D:3      | Killed Crazy Yiuf
  2719 | D:2      | Killed Sigmund
  2720 | D:2      | Reached skill level 5 in Maces & Flails
  2720 | D:2      | Reached skill level 1 in Throwing
  2808 | D:4      | Found Liraf Suwk's Assorted Antiques.
  2876 | D:4      | Reached XP level 7. HP: 67/68 MP: 6/6
  2893 | D:4      | Bought a kite shield for 103 gold pieces
  2950 | D:4      | Reached skill level 1 in Staves
  3193 | D:4      | HP: 3/68 [poisoned by a water moccasin]
  3195 | D:4      | HP: 1/68 [poisoned by a water moccasin]
  3195 | D:4      | Slain by an ufetubus

Illustrated notes

Levels and vault maps discovered:
D:1:      roderic_chinese_lattice_arrival, layout_basic
D:2:      layout_loops_ring, shapermc_ecumenical_altar_petra, uniq_sigmund
D:3:      layout_basic, lightli_temple_of_fire, uniq_crazy_yiuf_cottage
D:4:      cheibrodos_barr_body, layout_cave_pools, mainiacjoe_overflow_alcove_4,
          serial_shops, nicolae_stop_n_shop_1, serial_rivers,
          chequers_serial_rivers_micro_c, chequers_serial_rivers_large_b,
          chequers_serial_rivers_micro_a, chequers_serial_rivers_marsh,
          minmay_misc_feat_roman, glass_columns_b, st_stairs_10

Skill      XL: |  1  2  3  4  5  6  7 |
---------------+----------------------+-----
Maces & Flails | 3 4 5 |  5.6
Fighting       | 3 |  3.8
Dodging        | 3 |  3.7
Throwing       | 1 |  1.4
Staves         | 1 |  1.4
Stealth        | |  1.6
Shields        | |  0.3

Action                   |  1- 3 |  4- 6 |  7- 9 || total
-------------------------+-------+-------+-------++-------
Melee: Mace              |    44 |       |       ||    44
       Punch             |     1 |     2 |       ||     3
       Flail             |    23 |   110 |    39 ||   172
       Quarterstaff      |       |    36 |       ||    36
Throw: Stone             |    16 |     7 |       ||    23
       Dart              |       |     6 |       ||     6
  Use: Scroll            |       |       |     2 ||     2
 Stab: Sleeping          |       |     4 |       ||     4
Armor: Robe              |    32 |    50 |    29 ||   111
Dodge: Dodged            |    24 |    80 |    32 ||   136
Block: Kite shield       |       |       |    23 ||    23
